General information
- name: BNet
- type: Ladder team game (AT/RT)
- host: Battle.net
- saver: DOGSANDHORSE.RU
map: GoldRush
- players: 8
- length: 35:11
- speed: Fast
- version: 1.24 W3XP
- replay type:

» download(358 KB)
Players
team 1 (loser)
Fr3e_win (
purple | 130 APM | 4569 actions | 35:01)
4 Pit Lord
2 Rain of Fire
1 Howl of Terror
1 Cleaving Attack
3 Death Knight
2 Death Coil
1 Unholy Aura
» actions
| Assign group hotkey | 39 | |
| Basic commands | 322 | |
| Build / train | 88 | |
| ESC pressed | 10 | |
| Enter build submenu | 45 | |
| Enter hero's abilities submenu | 7 | |
| Give item / drop item | 2 | |
| Right click | 659 | |
| Select / deselect | 539 | |
| Select group hotkey | 2729 | |
| Use ability | 129 | |
4569 total
» units
| Acolyte | 21 | |
| Ghoul | 13 | |
| Crypt Fiend | 12 | |
| Obsidian Statue | 2 | |
| Frost Wyrm | 3 | |
| Gargoyle | 11 | |
62 total
» upgrades
| Web | 1 | |
| Creature Attack | 1 | |
| Destroyer Form | 1 | |
| Creature Carapace | 1 | |
| Freezing Breath | 1 | |
| Stone Form | 1 | |
6 total
» buildings
| Altar of Darkness | 2 | |
| Ziggurat | 16 | |
| Crypt | 3 | |
| Tomb of Relics | 2 | |
| Graveyard | 2 | |
| Necropolis | 2 | |
| Nerubian Tower | 2 | |
| Halls of the Dead | 1 | |
| Slaughterhouse | 1 | |
| Sacrificial Pit | 1 | |
| Black Citadel | 2 | |
| Spirit Tower | 3 | |
| Boneyard | 3 | |
40 total
» build order
00:08 Altar of Darkness
00:09 Ziggurat
00:32 Crypt
01:34 Ziggurat
01:37 Ziggurat
01:43 Tomb of Relics
01:49 Graveyard
02:03 Ziggurat
02:18 Ziggurat
02:48 Ziggurat
07:16 Necropolis
08:54 Ziggurat
08:56 Altar of Darkness
09:01 Ziggurat
09:02 Ziggurat
10:04 Crypt
10:07 Graveyard
10:41 Ziggurat
10:48 Tomb of Relics
11:28 Nerubian Tower
13:11 Halls of the Dead
14:15 Ziggurat
14:27 Ziggurat
15:33 Slaughterhouse
16:02 Sacrificial Pit
16:31 Necropolis
18:07 Black Citadel
18:07 Black Citadel
19:19 Ziggurat
19:20 Ziggurat
19:42 Spirit Tower
21:47 Spirit Tower
21:49 Ziggurat
21:51 Boneyard
21:52 Boneyard
21:52 Boneyard
22:08 Ziggurat
22:14 Spirit Tower
23:19 Crypt
23:57 Nerubian Tower
» items

»
honninbo (
red | 158 APM | 4622 actions | 29:16)
4 Lich
2 Frost Nova
2 Dark Ritual
3 Dreadlord
1 Vampiric Aura
2 Sleep
» actions
| Assign group hotkey | 50 | |
| Basic commands | 513 | |
| Build / train | 107 | |
| ESC pressed | 7 | |
| Enter build submenu | 22 | |
| Enter hero's abilities submenu | 7 | |
| Give item / drop item | 1 | |
| Right click | 994 | |
| Select / deselect | 910 | |
| Select group hotkey | 1927 | |
| Use ability | 82 | |
4622 total
» units
| Acolyte | 18 | |
| Ghoul | 17 | |
| Crypt Fiend | 5 | |
| Necromancer | 11 | |
| Meatwagon | 4 | |
| Gargoyle | 2 | |
| Banshee | 8 | |
| Abomination | 1 | |
| Obsidian Statue | 1 | |
67 total
» upgrades
| Unholy Armor | 1 | |
| Unholy Strength | 1 | |
| Cannibalize | 1 | |
| Necromancer Training | 3 | |
| Skeletal Longevity | 1 | |
| Skeletal Mastery | 1 | |
| Exhume Corpses | 1 | |
| Web | 1 | |
| Banshee Training | 2 | |
12 total
» buildings
| Graveyard | 2 | |
| Crypt | 2 | |
| Altar of Darkness | 1 | |
| Ziggurat | 7 | |
| Halls of the Dead | 3 | |
| Tomb of Relics | 1 | |
| Black Citadel | 2 | |
| Temple of the Damned | 3 | |
| Slaughterhouse | 1 | |
| Necropolis | 1 | |
| Spirit Tower | 3 | |
26 total
» build order
00:39 Graveyard
00:42 Crypt
01:12 Altar of Darkness
01:24 Ziggurat
02:28 Ziggurat
03:14 Crypt
03:16 Ziggurat
06:09 Halls of the Dead
06:10 Halls of the Dead
06:37 Tomb of Relics
07:04 Ziggurat
08:11 Ziggurat
09:45 Black Citadel
09:45 Black Citadel
10:00 Temple of the Damned
10:04 Temple of the Damned
10:12 Temple of the Damned
10:59 Slaughterhouse
13:35 Graveyard
25:13 Necropolis
25:16 Ziggurat
26:34 Spirit Tower
26:34 Spirit Tower
29:13 Ziggurat
Panda_Drunken (
green | 49 APM | 1736 actions | 35:06)
4 Demon Hunter
2 Mana Burn
2 Evasion
2 Keeper of the Grove
1 Entangling Roots
1 Thorns Aura
3 Priestess of the Moon
2 Trueshot Aura
1 Searing Arrows
1 Dreadlord
1 Vampiric Aura
» actions
| Assign group hotkey | 212 | |
| Basic commands | 23 | |
| Build / train | 121 | |
| ESC pressed | 2 | |
| Enter build submenu | 19 | |
| Enter hero's abilities submenu | 10 | |
| Remove unit from queue | 4 | |
| Right click | 612 | |
| Select / deselect | 278 | |
| Select group hotkey | 366 | |
| Use ability | 89 | |
1736 total
» units
| Wisp | 35 | |
| Dryad | 21 | |
| Mountain Giant | 2 | |
| Faerie Dragon | 1 | |
| Hippogryph | 13 | |
| Gargoyle | 18 | |
| Acolyte | 6 | |
96 total
» upgrades
| Abolish Magic | 1 | |
| Hardened Skin | 1 | |
| Resistant Skin | 1 | |
| Reinforced Hides | 1 | |
4 total
» buildings
| Altar of Elders | 1 | |
| Moon Well | 7 | |
| Tree of Ages | 1 | |
| Tree of Life | 6 | |
| Hunter's Hall | 1 | |
| Ancient of Lore | 2 | |
| Ancient of Wonders | 1 | |
| Tree of Eternity | 1 | |
| Ancient of Wind | 3 | |
23 total
» build order
00:40 Altar of Elders
00:51 Moon Well
06:20 Tree of Ages
08:03 Moon Well
08:46 Tree of Life
08:56 Hunter's Hall
10:03 Ancient of Lore
10:35 Ancient of Lore
12:56 Moon Well
13:35 Moon Well
13:46 Ancient of Wonders
13:53 Tree of Life
16:54 Moon Well
16:54 Moon Well
16:56 Moon Well
17:25 Tree of Eternity
21:19 Ancient of Wind
21:19 Ancient of Wind
21:20 Ancient of Wind
22:15 Tree of Life
22:58 Tree of Life
23:42 Tree of Life
24:42 Tree of Life
» items
| Scroll of Town Portal | 1 | |
| Orb of Venom | 1 | |
2 total
sameer890 (
orange | 52 APM | 1490 actions | 28:23)
5 Death Knight
3 Death Coil
2 Unholy Aura
3 Lich
2 Frost Nova
1 Frost Armor
» actions
| Basic commands | 1 | |
| Build / train | 65 | |
| Enter build submenu | 23 | |
| Enter hero's abilities submenu | 9 | |
| Remove unit from queue | 4 | |
| Right click | 848 | |
| Select / deselect | 437 | |
| Use ability | 103 | |
1490 total
» units
| Acolyte | 3 | |
| Ghoul | 3 | |
| Crypt Fiend | 8 | |
| Frost Wyrm | 12 | |
26 total
» upgrades
| Creature Attack | 2 | |
| Creature Carapace | 3 | |
| Web | 1 | |
| Burrow | 1 | |
| Freezing Breath | 1 | |
8 total
» buildings
| Altar of Darkness | 1 | |
| Crypt | 2 | |
| Ziggurat | 13 | |
| Graveyard | 1 | |
| Tomb of Relics | 1 | |
| Halls of the Dead | 2 | |
| Nerubian Tower | 1 | |
| Black Citadel | 2 | |
| Sacrificial Pit | 1 | |
| Spirit Tower | 4 | |
| Boneyard | 3 | |
31 total
» build order
00:05 Altar of Darkness
00:07 Crypt
00:15 Ziggurat
00:36 Graveyard
01:26 Ziggurat
01:57 Tomb of Relics
02:46 Halls of the Dead
02:47 Halls of the Dead
02:50 Crypt
04:09 Ziggurat
04:58 Ziggurat
05:00 Ziggurat
05:03 Nerubian Tower
05:09 Ziggurat
06:22 Black Citadel
06:22 Black Citadel
07:09 Sacrificial Pit
07:28 Spirit Tower
07:33 Spirit Tower
07:35 Spirit Tower
08:44 Boneyard
08:46 Boneyard
08:48 Boneyard
09:53 Ziggurat
09:54 Ziggurat
22:08 Ziggurat
22:09 Ziggurat
22:10 Ziggurat
22:10 Ziggurat
22:11 Ziggurat
23:18 Spirit Tower
» items
| Rod of Necromancy | 2 | |
| Potion of Mana | 1 | |
3 total
team 2 (winner)
BATS- (
yellow | 65 APM | 2271 actions | 35:07)
7 Blademaster
3 Wind Walk
3 Critical Strike
1 Bladestorm
6 Shadow Hunter
2 Hex
3 Healing Wave
1 Big Bad Voodoo
6 Tauren Chieftain
3 War Stomp
2 Endurance Aura
1 Reincarnation
» actions
| Assign group hotkey | 111 | |
| Basic commands | 27 | |
| Build / train | 127 | |
| Enter build submenu | 77 | |
| Enter hero's abilities submenu | 19 | |
| Give item / drop item | 5 | |
| Remove unit from queue | 1 | |
| Right click | 737 | |
| Select / deselect | 474 | |
| Select group hotkey | 467 | |
| Use ability | 224 | |
2271 total
» units
| Peon | 41 | |
| Troll Batrider | 11 | |
| Wind Rider | 7 | |
59 total
» upgrades
| Reinforced Defenses | 1 | |
| Envenomed Spears | 1 | |
| Liquid Fire | 1 | |
| Ranged Weapons | 3 | |
| Armor | 1 | |
| Ensnare | 1 | |
| War Drums Damage Increase | 1 | |
9 total
» buildings
| Altar of Storms | 1 | |
| Orc Burrow | 8 | |
| Voodoo Lounge | 6 | |
| Great Hall | 5 | |
| Stronghold | 1 | |
| War Mill | 3 | |
| Fortress | 1 | |
| Beastiary | 3 | |
| Watch Tower | 45 | |
73 total
» build order
00:06 Altar of Storms
00:20 Orc Burrow
01:05 Voodoo Lounge
02:37 Great Hall
02:52 Stronghold
03:11 War Mill
03:24 War Mill
04:19 Orc Burrow
05:02 Orc Burrow
05:49 Fortress
06:16 Orc Burrow
07:34 Great Hall
07:41 Beastiary
07:45 Beastiary
10:13 Watch Tower
10:16 Watch Tower
10:19 Watch Tower
10:22 Watch Tower
10:24 Watch Tower
10:39 Orc Burrow
10:40 Orc Burrow
11:38 Voodoo Lounge
11:55 Orc Burrow
12:32 Orc Burrow
12:56 Watch Tower
12:58 Watch Tower
13:40 Watch Tower
13:52 Watch Tower
16:37 Voodoo Lounge
16:57 Watch Tower
16:59 Watch Tower
17:08 Beastiary
17:57 Watch Tower
18:02 Watch Tower
18:03 Watch Tower
19:09 Voodoo Lounge
19:58 Watch Tower
19:59 Watch Tower
20:00 Watch Tower
20:01 Watch Tower
20:02 Watch Tower
21:33 Great Hall
21:35 Watch Tower
21:36 Watch Tower
21:38 Watch Tower
21:39 Watch Tower
22:40 Watch Tower
22:47 Watch Tower
22:49 Watch Tower
22:50 Watch Tower
23:44 Watch Tower
24:47 Voodoo Lounge
24:49 Watch Tower
24:52 Watch Tower
24:54 Watch Tower
24:55 Voodoo Lounge
25:10 War Mill
25:40 Watch Tower
25:54 Watch Tower
26:06 Watch Tower
26:08 Watch Tower
26:57 Watch Tower
27:01 Watch Tower
27:15 Watch Tower
27:19 Watch Tower
28:09 Great Hall
29:32 Watch Tower
29:36 Watch Tower
30:39 Watch Tower
30:41 Watch Tower
31:58 Great Hall
32:04 Watch Tower
33:10 Watch Tower
» items
| Healing Salve | 7 | |
| Lesser Clarity Potion | 8 | |
| Circlet of Nobility | 2 | |
| Boots of Speed | 1 | |
| Orb of Lightning | 1 | |
| Scroll of Town Portal | 7 | |
| Tiny Great Hall | 2 | |
| Scroll of Speed | 1 | |
| Potion of Lesser Invulnerability | 1 | |
| Scroll of Healing | 2 | |
| Scroll of Regeneration | 1 | |
| Staff of Sanctuary | 1 | |
34 total
DOGSANDHORSE.RU (
teal | 109 APM | 3833 actions | 35:11)
4 Archmage
2 Summon Water Elemental
2 Brilliance Aura
6 Mountain King
2 Storm Bolt
1 Thunder Clap
3 Bash
3 Paladin
2 Holy Light
1 Divine Shield
» actions
| Assign group hotkey | 32 | |
| Basic commands | 8 | |
| Build / train | 142 | |
| Enter build submenu | 71 | |
| Enter hero's abilities submenu | 14 | |
| Give item / drop item | 11 | |
| Right click | 2401 | |
| Select / deselect | 466 | |
| Select group hotkey | 439 | |
| Use ability | 249 | |
3833 total
» units
» upgrades
| Masonry | 3 | |
| Animal War Training | 1 | |
| Magic Sentry | 1 | |
| Sorceress Training | 1 | |
| Priest Training | 1 | |
| Storm Hammers | 1 | |
| Cloud | 1 | |
| Swords | 1 | |
| Armor | 1 | |
| Lumber Harvesting | 1 | |
12 total
» buildings
| Altar of Kings | 1 | |
| Farm | 4 | |
| Arcane Vault | 1 | |
| Scout Tower | 126 | |
| Arcane Tower | 5 | |
| Lumber Mill | 1 | |
| Guard Tower | 59 | |
| Keep | 1 | |
| Town Hall | 3 | |
| Castle | 1 | |
| Gryphon Aviary | 1 | |
| Blacksmith | 1 | |
| Barracks | 1 | |
| Arcane Sanctum | 1 | |
206 total
» build order
00:08 Altar of Kings
00:20 Farm
00:54 Farm
01:24 Arcane Vault
01:28 Scout Tower
02:03 Arcane Tower
02:06 Scout Tower
02:31 Lumber Mill
02:37 Scout Tower
02:40 Arcane Tower
03:00 Scout Tower
03:39 Guard Tower
03:40 Guard Tower
03:42 Scout Tower
03:43 Scout Tower
03:44 Scout Tower
03:44 Scout Tower
04:13 Guard Tower
04:22 Keep
04:27 Scout Tower
04:28 Scout Tower
04:38 Guard Tower
04:41 Farm
04:43 Farm
05:58 Guard Tower
06:15 Scout Tower
06:17 Scout Tower
06:18 Scout Tower
06:19 Scout Tower
06:20 Scout Tower
06:34 Scout Tower
06:35 Scout Tower
06:37 Scout Tower
06:37 Scout Tower
06:41 Scout Tower
06:41 Scout Tower
06:48 Guard Tower
07:16 Guard Tower
07:17 Guard Tower
07:18 Guard Tower
07:40 Guard Tower
07:43 Arcane Tower
07:48 Scout Tower
07:50 Scout Tower
07:51 Scout Tower
08:04 Guard Tower
08:18 Guard Tower
08:22 Guard Tower
09:00 Town Hall
09:39 Scout Tower
09:40 Scout Tower
09:41 Scout Tower
09:41 Scout Tower
09:42 Scout Tower
09:43 Scout Tower
09:44 Scout Tower
09:45 Scout Tower
09:46 Scout Tower
09:50 Scout Tower
09:51 Scout Tower
09:52 Scout Tower
09:54 Scout Tower
09:55 Scout Tower
09:56 Scout Tower
09:56 Scout Tower
10:01 Scout Tower
10:02 Scout Tower
10:04 Scout Tower
10:05 Scout Tower
10:06 Scout Tower
10:07 Scout Tower
10:08 Scout Tower
10:09 Scout Tower
10:10 Arcane Tower
10:12 Guard Tower
10:19 Guard Tower
10:31 Guard Tower
10:42 Scout Tower
10:50 Guard Tower
10:54 Guard Tower
10:54 Guard Tower
11:02 Guard Tower
11:08 Guard Tower
11:11 Scout Tower
11:11 Scout Tower
11:16 Guard Tower
11:17 Guard Tower
11:17 Guard Tower
11:46 Guard Tower
11:49 Guard Tower
12:13 Guard Tower
12:22 Guard Tower
12:27 Scout Tower
12:29 Guard Tower
12:30 Scout Tower
12:30 Scout Tower
12:31 Scout Tower
12:34 Guard Tower
13:08 Guard Tower
13:09 Scout Tower
13:10 Scout Tower
13:11 Scout Tower
13:11 Scout Tower
13:12 Scout Tower
13:13 Scout Tower
13:13 Scout Tower
13:14 Scout Tower
13:15 Scout Tower
13:16 Scout Tower
13:16 Scout Tower
13:17 Scout Tower
13:41 Guard Tower
13:43 Castle
13:44 Guard Tower
13:48 Scout Tower
13:49 Scout Tower
13:49 Scout Tower
13:50 Scout Tower
13:51 Scout Tower
13:52 Scout Tower
14:26 Guard Tower
14:46 Guard Tower
15:00 Guard Tower
15:10 Guard Tower
15:11 Scout Tower
15:12 Scout Tower
15:13 Scout Tower
15:28 Guard Tower
15:30 Scout Tower
15:30 Scout Tower
15:31 Scout Tower
15:31 Scout Tower
16:26 Guard Tower
16:28 Guard Tower
16:31 Scout Tower
16:31 Scout Tower
16:32 Scout Tower
16:50 Scout Tower
16:51 Scout Tower
16:52 Scout Tower
16:53 Scout Tower
16:55 Scout Tower
16:55 Scout Tower
16:55 Scout Tower
16:57 Guard Tower
16:59 Guard Tower
17:19 Guard Tower
17:23 Scout Tower
17:24 Scout Tower
17:24 Scout Tower
17:24 Scout Tower
17:26 Scout Tower
17:26 Scout Tower
17:26 Scout Tower
17:26 Scout Tower
17:27 Scout Tower
17:45 Guard Tower
17:47 Guard Tower
17:47 Guard Tower
17:52 Gryphon Aviary
17:56 Blacksmith
17:57 Barracks
18:16 Guard Tower
19:31 Guard Tower
19:55 Guard Tower
21:46 Guard Tower
23:56 Town Hall
23:59 Scout Tower
24:00 Scout Tower
24:01 Scout Tower
24:02 Scout Tower
24:02 Scout Tower
24:03 Scout Tower
24:04 Scout Tower
24:04 Scout Tower
24:05 Scout Tower
25:00 Guard Tower
25:02 Scout Tower
25:03 Scout Tower
25:06 Guard Tower
25:08 Scout Tower
25:09 Scout Tower
25:09 Scout Tower
25:10 Scout Tower
25:11 Scout Tower
25:12 Scout Tower
25:12 Arcane Tower
25:47 Guard Tower
25:56 Arcane Sanctum
26:08 Guard Tower
26:13 Scout Tower
26:15 Scout Tower
26:17 Scout Tower
26:18 Scout Tower
26:18 Scout Tower
26:19 Scout Tower
26:22 Scout Tower
26:56 Guard Tower
28:24 Guard Tower
28:44 Guard Tower
31:16 Guard Tower
32:29 Town Hall
» items
| Scroll of Regeneration | 2 | |
| Lesser Clarity Potion | 5 | |
| Scroll of Town Portal | 3 | |
| Staff of Sanctuary | 3 | |
| Potion of Healing | 1 | |
| Staff of Teleportation | 3 | |
| Boots of Speed | 3 | |
| Potion of Lesser Invulnerability | 1 | |
| Orb of Lightning | 2 | |
23 total
Often-a-bird (
blue | 121 APM | 4242 actions | 35:07)
6 Keeper of the Grove
3 Entangling Roots
2 Thorns Aura
1 Tranquility
» actions
| Assign group hotkey | 618 | |
| Basic commands | 10 | |
| Build / train | 86 | |
| Enter build submenu | 21 | |
| Enter hero's abilities submenu | 6 | |
| Remove unit from queue | 6 | |
| Right click | 2682 | |
| Select / deselect | 639 | |
| Select group hotkey | 72 | |
| Use ability | 101 | |
4242 total
» units
| Wisp | 48 | |
| Ogre Mauler | 1 | |
| Mud Golem | 1 | |
| Forest Troll Berserker | 1 | |
| Forest Troll Shadow Priest | 2 | |
53 total
» upgrades
| Ultravision | 1 | |
| Well Spring | 1 | |
| Nature's Blessing | 1 | |
3 total
» buildings
| Altar of Elders | 1 | |
| Moon Well | 7 | |
| Hunter's Hall | 1 | |
| Tree of Life | 7 | |
| Tree of Ages | 2 | |
| Tree of Eternity | 2 | |
| Ancient of Wonders | 1 | |
21 total
» build order
00:03 Altar of Elders
00:17 Moon Well
00:47 Moon Well
04:17 Hunter's Hall
07:06 Moon Well
07:10 Moon Well
10:01 Tree of Life
10:18 Moon Well
10:33 Tree of Ages
10:33 Tree of Ages
11:17 Moon Well
13:00 Tree of Eternity
14:32 Ancient of Wonders
25:06 Tree of Life
25:51 Tree of Life
26:10 Tree of Life
28:10 Tree of Life
31:32 Moon Well
33:35 Tree of Life
33:55 Tree of Life
» items
| Scroll of Town Portal | 3 | |
| Staff of Teleportation | 1 | |
| Boots of Speed | 1 | |
| Orb of Venom | 1 | |
| Staff of Preservation | 1 | |
7 total
timg4strOK (
pink | 98 APM | 3449 actions | 35:07)
7 Archmage
3 Blizzard
3 Brilliance Aura
1 Mass Teleport
» actions
| Assign group hotkey | 36 | |
| Basic commands | 47 | |
| Build / train | 157 | |
| ESC pressed | 9 | |
| Enter build submenu | 81 | |
| Enter hero's abilities submenu | 7 | |
| Give item / drop item | 4 | |
| Right click | 1468 | |
| Select / deselect | 393 | |
| Select group hotkey | 973 | |
| Use ability | 274 | |
3449 total
» units
| Peasant | 58 | |
| Dragonhawk Rider | 16 | |
74 total
» upgrades
| Masonry | 3 | |
| Lumber Harvesting | 2 | |
| Armor | 3 | |
| Magic Sentry | 1 | |
| Swords | 3 | |
| Animal War Training | 1 | |
| Cloud | 1 | |
14 total
» buildings
| Altar of Kings | 1 | |
| Farm | 9 | |
| Lumber Mill | 1 | |
| Scout Tower | 76 | |
| Arcane Vault | 2 | |
| Guard Tower | 30 | |
| Arcane Tower | 3 | |
| Town Hall | 8 | |
| Keep | 3 | |
| Castle | 1 | |
| Arcane Sanctum | 1 | |
| Blacksmith | 1 | |
| Barracks | 1 | |
| Gryphon Aviary | 1 | |
138 total
» build order
00:17 Altar of Kings
00:21 Farm
00:31 Lumber Mill
02:22 Scout Tower
02:22 Scout Tower
02:25 Scout Tower
02:25 Scout Tower
02:43 Arcane Vault
02:49 Guard Tower
02:52 Scout Tower
02:52 Scout Tower
02:53 Guard Tower
02:54 Scout Tower
02:54 Scout Tower
03:43 Farm
04:24 Guard Tower
04:31 Guard Tower
04:40 Arcane Tower
04:55 Town Hall
05:09 Scout Tower
05:09 Scout Tower
05:25 Scout Tower
05:26 Scout Tower
06:15 Guard Tower
06:17 Arcane Tower
06:17 Arcane Tower
06:20 Guard Tower
06:22 Scout Tower
06:22 Scout Tower
06:26 Keep
06:45 Scout Tower
06:46 Scout Tower
07:07 Guard Tower
07:42 Guard Tower
07:58 Scout Tower
07:58 Scout Tower
09:55 Castle
09:56 Guard Tower
09:57 Arcane Sanctum
10:02 Farm
10:02 Farm
10:04 Keep
10:06 Blacksmith
10:34 Arcane Vault
10:43 Guard Tower
13:03 Scout Tower
13:04 Scout Tower
13:27 Scout Tower
13:31 Guard Tower
14:00 Town Hall
14:34 Guard Tower
15:35 Scout Tower
15:35 Scout Tower
16:16 Guard Tower
16:20 Town Hall
16:28 Scout Tower
16:29 Scout Tower
16:30 Scout Tower
16:31 Scout Tower
16:32 Scout Tower
16:34 Scout Tower
16:34 Scout Tower
16:36 Scout Tower
16:36 Scout Tower
16:58 Guard Tower
17:04 Guard Tower
17:56 Guard Tower
18:46 Town Hall
18:52 Scout Tower
18:53 Scout Tower
18:53 Scout Tower
18:54 Scout Tower
18:54 Scout Tower
18:55 Scout Tower
19:24 Scout Tower
19:25 Scout Tower
19:25 Scout Tower
19:26 Scout Tower
19:26 Scout Tower
19:27 Scout Tower
19:54 Guard Tower
20:06 Barracks
20:07 Gryphon Aviary
20:11 Guard Tower
20:21 Guard Tower
20:23 Scout Tower
20:24 Scout Tower
20:28 Scout Tower
20:29 Scout Tower
20:29 Scout Tower
20:29 Scout Tower
20:50 Guard Tower
21:27 Farm
21:46 Scout Tower
21:47 Scout Tower
21:49 Scout Tower
21:53 Scout Tower
21:57 Scout Tower
21:58 Scout Tower
21:59 Scout Tower
22:00 Scout Tower
22:03 Scout Tower
22:11 Farm
22:12 Farm
22:13 Farm
22:13 Farm
22:15 Guard Tower
22:18 Scout Tower
22:19 Scout Tower
22:20 Guard Tower
22:22 Guard Tower
22:48 Town Hall
23:11 Guard Tower
23:12 Guard Tower
23:13 Scout Tower
23:14 Scout Tower
23:15 Scout Tower
23:16 Scout Tower
24:21 Guard Tower
24:23 Scout Tower
24:24 Scout Tower
24:24 Scout Tower
24:26 Scout Tower
24:27 Scout Tower
24:27 Scout Tower
24:36 Town Hall
24:42 Guard Tower
25:58 Guard Tower
26:06 Guard Tower
27:02 Town Hall
28:45 Town Hall
30:51 Scout Tower
30:51 Scout Tower
30:52 Scout Tower
30:52 Scout Tower
30:53 Scout Tower
34:24 Keep
» items
| Scroll of Regeneration | 8 | |
| Boots of Speed | 1 | |
| Staff of Teleportation | 1 | |
| Potion of Invisibility | 2 | |
| Healing Salve | 1 | |
| Lesser Clarity Potion | 1 | |
| Orb of Lightning | 1 | |
| Scroll of Town Portal | 2 | |
| Potion of Lesser Invulnerability | 1 | |
| Potion of Healing | 5 | |
| Staff of Sanctuary | 1 | |
24 total
Chat log
(00:10 / Allies) Often-a-bird: cowboy towers or cowboy towerrush
(00:13 / Allies) BATS-: can you guys tower while i creep
(00:14 / Allies) DOGSANDHORSE.RU: cowboy towers
(00:23 / Allies) Often-a-bird: do me up please hu
(00:25 / Allies) timg4strOK: feed me
(00:31 / Allies) Often-a-bird: yea i see what your doin
(00:34 / Allies) timg4strOK: elf feed everythign
(00:36 / Allies) timg4strOK: i keep sending militia
(01:04 / Allies) Often-a-bird: lets see
(01:46 / Allies) Often-a-bird: lol
(02:01 / Allies) Often-a-bird: im on edge tho soim gonna get owned
(02:07 / Allies) Often-a-bird: that's pretty funny.
(02:14 / Allies) Often-a-bird: tower him
(02:15 / Allies) Often-a-bird: so they tp
(02:18 / Allies) Often-a-bird: that would save me
(02:26 / Allies) BATS-: take it like a man
(02:36 / Allies) timg4strOK: FEED ME
(02:37 / Allies) Often-a-bird: tav hero i think
(03:11 / Allies) Often-a-bird: i come
(03:34 / Allies) Often-a-bird: n1 n1
(03:52 / Allies) Often-a-bird: can we call this the Gold rush
(03:55 / Allies) Often-a-bird: cause it only works on goldrush
(03:57 / Allies) BATS-: lol
(04:06 / Allies) DOGSANDHORSE.RU: goin to expo
(04:12 / All) Often-a-bird: u got... goldrushed
(04:15 / All) DOGSANDHORSE.RU: yeehaw
(04:18 / All) sameer890: nabz
(04:19 / All) DOGSANDHORSE.RU: Yahoo
(04:45 / Allies) Often-a-bird: i got Res Ources
(04:59 / Allies) DOGSANDHORSE.RU: you want milit tp?
(05:08 / Allies) BATS-: he is a goner
(05:08 / Allies) Often-a-bird: i would like it yea
(05:29 / Allies) BATS-: lol
(05:43 / Allies) timg4strOK: wood please
(06:07 / Allies) timg4strOK: wood wood wood
(06:17 / Allies) Often-a-bird: uh
(06:18 / Allies) Often-a-bird: stay
(06:20 / Allies) Often-a-bird: with some workers ?
(06:28 / Allies) DOGSANDHORSE.RU: feede
(06:28 / Allies) Often-a-bird: share
(07:03 / Allies) BATS-: are they
(07:05 / Allies) BATS-: really losing
(07:08 / Allies) BATS-: with 3 uds
(07:11 / Allies) timg4strOK: 2
(07:12 / Allies) timg4strOK: 2 ud
(07:19 / Allies) BATS-: 3
(07:21 / Allies) timg4strOK: 2
(07:22 / Allies) Often-a-bird: i mean
(07:23 / Allies) Often-a-bird: we screwed
(08:14 / Allies) BATS-: rofl jewed
(08:25 / All) Often-a-bird: no thx
(09:27 / Allies) Often-a-bird: ogre mauler gg
(09:43 / Allies) Often-a-bird: gimme some towers here bEar
(09:44 / Allies) timg4strOK: noob
(10:13 / Allies) timg4strOK: aaaa
(10:22 / Allies) Often-a-bird: dont need towers at base
(10:26 / Allies) Often-a-bird: here tho
(10:35 / Allies) DOGSANDHORSE.RU: sending after queue done
(11:29 / Allies) timg4strOK: more shops please
(11:30 / Allies) DOGSANDHORSE.RU: that was like gilderbase
(11:36 / Allies) DOGSANDHORSE.RU: without the whole gilderbase
(11:43 / Allies) DOGSANDHORSE.RU: reverse golderbase
(12:46 / Allies) Often-a-bird: ud is bonedragon
(12:51 / Allies) Often-a-bird: are you Surprised
(12:54 / Allies) DOGSANDHORSE.RU: no
(12:59 / Allies) DOGSANDHORSE.RU: someone make something
(13:04 / Allies) Often-a-bird: towers mb
(13:05 / Allies) Often-a-bird: ?
(13:16 / Allies) BATS-: im getting trolls
(13:19 / Allies) BATS-: flying ones
(13:23 / Allies) DOGSANDHORSE.RU: perfect
(13:30 / Allies) Often-a-bird: the perfect weapon...
(13:32 / Allies) DOGSANDHORSE.RU: oh stinko
(13:52 / Allies) DOGSANDHORSE.RU: lumb
(14:24 / Allies) Often-a-bird: what the heck happened to my tp
(14:37 / Allies) timg4strOK: wood
(14:39 / Allies) Often-a-bird: wow
(14:41 / Allies) Often-a-bird: yellow doesnt have
(14:42 / Allies) Often-a-bird: a single tower
(14:50 / All) DOGSANDHORSE.RU: wood
(14:52 / Allies) Often-a-bird: not even half a tower
(14:55 / Allies) DOGSANDHORSE.RU: just cancel;
(14:58 / Allies) DOGSANDHORSE.RU: delete datat
(15:00 / Allies) DOGSANDHORSE.RU: not enough
(15:05 / Allies) DOGSANDHORSE.RU: throw your external drive out window
(15:08 / Allies) Often-a-bird: done
(15:13 / Allies) Often-a-bird: i think it fixed it
(15:17 / Allies) timg4strOK: noob base
(15:20 / Allies) Often-a-bird: next game
(15:22 / Allies) Often-a-bird: build a tower
(15:24 / Allies) DOGSANDHORSE.RU: seriously
(15:26 / Allies) Often-a-bird: atleast consider it
(15:39 / Allies) timg4strOK: need wood
(15:40 / Allies) DOGSANDHORSE.RU: tghat was 100food
(16:00 / Allies) Often-a-bird: i brt when hero is done cookin
(16:11 / All) DOGSANDHORSE.RU: what was your wording
(16:14 / All) DOGSANDHORSE.RU: "nabs"
(16:15 / All) DOGSANDHORSE.RU: i think
(16:32 / All) DOGSANDHORSE.RU: yesus andreas
(16:36 / Allies) DOGSANDHORSE.RU: you delete your browser history/
(16:40 / Allies) DOGSANDHORSE.RU: thepiratebay esp.
(16:45 / Allies) Often-a-bird: im gonna powercycle my router ok
(17:01 / Allies) timg4strOK: that will disc you
(17:07 / Allies) Often-a-bird: i just did it
(17:09 / Allies) timg4strOK: damn
(17:13 / Allies) Often-a-bird: is not plugged into anything tho
(17:15 / Allies) DOGSANDHORSE.RU: swedish routers
(17:24 / Allies) BATS-: one of you
(17:26 / Allies) BATS-: kill those?
(17:28 / Allies) timg4strOK: neg
(17:30 / Allies) timg4strOK: gonna expand
(17:33 / Allies) timg4strOK: until im 100 food
(17:36 / Allies) timg4strOK: what is that 20 gold mines
(17:37 / Allies) timg4strOK: shit
(17:40 / Allies) timg4strOK: theres 28 on this map
(18:01 / Allies) DOGSANDHORSE.RU: llumb
(18:19 / Allies) DOGSANDHORSE.RU: if you please
(18:29 / Allies) Often-a-bird: im puttin the squeeze on red
(18:39 / Allies) Often-a-bird: cant really harass trhat tho
(18:43 / Allies) Often-a-bird: no sappers on this map see
(19:00 / Allies) BATS-: hal?
(19:00 / Allies) DOGSANDHORSE.RU: i
(19:01 / Allies) DOGSANDHORSE.RU: need
(19:01 / Allies) DOGSANDHORSE.RU: wood
(19:02 / Allies) BATS-: halp
(19:31 / Allies) Often-a-bird: i help he who help himself
(19:44 / Allies) Often-a-bird: great
(20:15 / Allies) Often-a-bird: yellow hates towers, expansions, and winning games
(20:22 / Allies) BATS-: i got
(20:26 / Allies) BATS-: 3 expansions
(20:28 / Allies) BATS-: ??
(20:39 / Allies) Often-a-bird: work it
(20:41 / Allies) timg4strOK: mother
(20:42 / Allies) timg4strOK: fucker
(20:54 / Allies) timg4strOK: come on
(21:02 / Allies) DOGSANDHORSE.RU: nice yellow
(22:08 / Allies) BATS-: more
(22:09 / Allies) BATS-: towers
(22:26 / Allies) DOGSANDHORSE.RU: respondez-vous
(22:52 / Allies) timg4strOK: gogog
(23:24 / Allies) BATS-: OWNED
(24:09 / Allies) BATS-: cloud
(24:25 / Allies) Often-a-bird: being R T
(24:49 / All) Often-a-bird: mama mia lol
(25:04 / Allies) timg4strOK: \need lum
(27:02 / Allies) DOGSANDHORSE.RU: no spo
(27:14 / Allies) DOGSANDHORSE.RU: new spo
(27:18 / Allies) Often-a-bird: fuckin
(27:18 / Allies) Often-a-bird: ams
(27:36 / Allies) DOGSANDHORSE.RU: come kill ne
(27:37 / Allies) BATS-: go
(27:47 / Allies) Often-a-bird: comin cuz i need 6
(27:58 / Allies) timg4strOK: somebody take
(28:04 / Allies) Often-a-bird: brutal
(28:27 / All) DOGSANDHORSE.RU: somebody call 9 1 1
(28:28 / All) Often-a-bird: BOOM
(28:29 / All) Often-a-bird: HEADSHOT
(28:35 / All) DOGSANDHORSE.RU: shorty fire burning on the dance floor
(28:52 / All) Often-a-bird: ur my private exp tome red
(28:58 / All) DOGSANDHORSE.RU: yyeowch
(29:21 / All) DOGSANDHORSE.RU: SAMEER
(29:29 / All) DOGSANDHORSE.RU: quiet child
(29:32 / All) DOGSANDHORSE.RU: quaint child
(29:34 / All) DOGSANDHORSE.RU: quit child
(29:46 / All) Often-a-bird: quitchild your a shitchild
(29:59 / All) DOGSANDHORSE.RU: green too busy losing to deto?
(30:06 / All) DOGSANDHORSE.RU: thank's
(30:57 / All) Often-a-bird: you gonnaa gimme 6 red?
(31:02 / All) Often-a-bird: yea
(31:04 / All) Often-a-bird: watch dis
(31:11 / All) Often-a-bird: ty and peace
(31:24 / Allies) DOGSANDHORSE.RU: hehehe
(31:25 / Allies) BATS-: trapped?
(31:25 / Allies) BATS-: aw
(31:27 / Allies) timg4strOK: stucco
(31:31 / Allies) Often-a-bird: ffs.
(31:48 / Allies) DOGSANDHORSE.RU: where can i get some orcbs
(32:07 / Allies) Often-a-bird: norbs are betta
(32:17 / Allies) DOGSANDHORSE.RU: very debatable
(32:23 / Allies) DOGSANDHORSE.RU: for chasing down armies i like orcbs
(32:40 / All) BATS-: brb gonna get bats
(32:51 / Allies) DOGSANDHORSE.RU: pubchat/
(33:05 / Allies) BATS-: it is called psychological warfare
(33:21 / Allies) timg4strOK: peaceadoo
(33:26 / Allies) DOGSANDHORSE.RU: blajahaha
(33:28 / Allies) Often-a-bird: did you do that
(33:48 / Allies) DOGSANDHORSE.RU: lets kill some heroes
(35:00 / Allies) Often-a-bird: fuckk me acos have insane dps